 Dungeon Crawl Stone Soup version 0.29-a0-350-g7790a0e70a (webtiles) character file.

Game seed: 10173951117228636334

1101 spaghetti the Martial Artist (level 8, -7/60 HPs)
             Began as a Gnoll Wanderer on Apr 22, 2022.
             Mangled by an orc warrior
             ... wielding a +0 battleaxe
              (14 damage)
             ... on level 5 of the Dungeon.
             The game lasted 00:09:50 (5459 turns).

spaghetti the Martial Artist (Gnoll Wanderer)       Turns: 5459, Time: 00:09:51

Health: -7/60      AC:  3    Str: 10 (11) XL:     8   Next: 32%
Magic:  0/21       EV: 12    Int: 10      God:
Gold:   219        SH:  0    Dex: 15 (16) Spells: 5/13 levels left

rFire   . . .      SeeInvis .     - Unarmed
rCold   . . .      Faith    .   l - +0 buckler
rNeg    . . .      Spirit   +   f - +0 leather armour
rPois   .          Reflect  .   (no helmet)
rElec   .          Harm     .   (no cloak)
rCorr   .          Rampage  .   (no gloves)
Will    .....                   (no boots)
Stlth   +.........              j - amulet of guardian spirit
HPRegen 0.20/turn               y - ring of magical power
MPRegen 0.17/turn               (no ring)

@: confused, hasted, very quick
A: fangs 1, strong nose, distributed training
a: no special abilities


You were on level 5 of the Dungeon.
You visited 1 branch of the dungeon, and saw 5 of its levels.

You collected 219 gold pieces.


Innate Abilities, Weirdness & Mutations

You have very sharp teeth.
Your uncanny sense of smell can sniff out nearby items.
Your experience applies equally to all skills.


   Skills:
 + Level 4.1 Fighting
 + Level 3.1 Short Blades
 + Level 3.1 Long Blades
 + Level 3.1 Axes
 + Level 3.1 Maces & Flails
 + Level 3.1 Polearms
 + Level 3.1 Staves
 + Level 3.1 Slings
 + Level 3.1 Bows
 + Level 3.1 Crossbows
 + Level 3.1 Throwing
 + Level 3.1 Armour
 + Level 3.1 Dodging
 + Level 6.8 Stealth
 + Level 3.1 Shields
 + Level 9.1 Unarmed Combat
 + Level 3.1 Spellcasting
 + Level 2.5 Conjurations
 + Level 2.5 Hexes
 + Level 2.5 Summonings
 + Level 2.5 Necromancy
 + Level 2.5 Translocations
 + Level 2.5 Transmutations
 + Level 2.5 Fire Magic
 + Level 2.5 Ice Magic
 + Level 2.5 Air Magic
 + Level 2.5 Earth Magic
 + Level 2.5 Poison Magic
 + Level 3.5 Invocations
 + Level 5.6 Evocations


You had 5 spell levels left.
You knew the following spells:

 Your Spells              Type           Power      Damage    Failure   Level
a - Call Canine Familiar  Summ           6%         N/A       45%         3
b - Blade Hands           Tmut           3%         N/A       99%         5

Your spell library contained the following spells:

 Spells                   Type           Power      Damage    Failure   Level
 Summon Small Mammal      Summ           24%        N/A       17%         1
 Corpse Rot               Necr/Air       12%        N/A       26%         2
 Poisonous Vapours        Pois/Air       12%        N/A       26%         2
 Summon Guardian Golem    Hex/Summ       6%         N/A       45%         3
 Animate Armour           Summ/Erth      12%        N/A       86%         4
 Iron Shot                Conj/Erth      3%         9d2       100%        6

Inventory:

Hand Weapons
 a - a +2 dagger {short}
Missiles
 g - 240 stones (quivered) {throwing}
 k - 8 poisoned darts {throwing}
 m - 2 curare-tipped darts {=fthrowing}
 v - 6 boomerangs {throwing}
Armour
 f - a +0 leather armour (worn)
 l - a +0 buckler (worn)
   (You found it on level 1 of the Dungeon)
 n - a +0 tower shield
   (You found it on level 5 of the Dungeon)
 t - a +0 plate armour
   (You found it on level 2 of the Dungeon)
Jewellery
 j - an amulet of guardian spirit (around neck)
   (You found it on level 1 of the Dungeon)
 s - an amulet of regeneration {@e2}
   (You found it on level 2 of the Dungeon)
 y - a ring of magical power (left hand)
   (You found it on level 4 of the Dungeon)
Wands
 w - a wand of iceblast (2)
   (You found it on level 3 of the Dungeon)
Scrolls
 b - a scroll of identify {unknown}
 c - a scroll of silence {unknown}
 e - 4 scrolls of teleportation {@r4}
 h - a scroll of brand weapon {unknown}
 o - 2 scrolls of vulnerability {unknown}
 p - 3 scrolls of noise {unknown}
 q - a scroll of enchant armour {unknown}
 x - a scroll of amnesia {unknown}
 z - a scroll of holy word {unknown}
 A - a scroll of blinking {unknown}
 B - a scroll of fog {unknown}
Potions
 u - a potion of haste {@q3}
Miscellaneous
 d - a piece from Xom's chessboard (15/15)

Dungeon Overview and Level Annotations

Branches:
Dungeon (5/15)
 Temple: D:4-7

Altars:
Gozag
Makhleb
Qazlal
Ru
Uskayaw
Wu Jian

Annotations:
D:3 3 runed translucent doors, spaghetti's ghost, amateur HuAE

..#..................#
...................# ##
....#..............# ..#
..##....#..........##...
..#####.#............._.
...# ........##...##..
...# .....##...#...#
.... ....###..###o.###
......... ....#@o...#
....##.. .....##o...#
...# ..##. .....# #.##
......... ...
........#.. #........# .
##.......# #.......#


You could see an orc warrior, an orc priest and an orc wizard.


Message History

😕 HP[+1]
The orc warrior hits you with a +0 battleaxe! 😕 HP[-10] MP[-3]
You take 10 damage, and now have 47/60 hp.
You lost 3 mp, and now have 16/21 mp.
You hit the orc warrior.
The orc priest begins to cast a cantrip, but forgets the words!
You block the orc warrior's attack.
You hit the orc warrior but do no damage.
The orc warrior closely misses you.
You barely miss the orc warrior.
The orc warrior hits you with a +0 battleaxe. 😮 HP[-4] MP[-2]
You take 4 damage, and now have 43/60 hp.
You lost 2 mp, and now have 14/21 mp.
You hit the orc warrior but do no damage.
You block the orc warrior's attack. The orc wizard casts a spell at you.
You are confused. 😮 MP[+1] Unknown command.
Okay, then.
You are too confused!
The orc priest attacks as you move away!
The orc priest hits you with a +0 short sword.
You hit the orc priest.
You bump into the rock wall.
The orc wizard misses you. The orc warrior barely misses you.
The orc priest calls upon Beogh to heal the orc warrior.
The orc warrior's wounds heal themselves!
Unknown command.
Unknown command.
You hit the orc priest but do no damage.
The orc wizard casts a spell at you.
You are more confused.
The orc priest mumbles some strange prayers to Beogh against you.
Pain shoots through your body!
The orc warrior hits you with a +0 battleaxe. 😮 HP[-9] MP[-4]
You take 9 damage, and now have 34/60 hp.
You lost 4 mp, and now have 11/21 mp.
Unknown command.
You closely miss the orc wizard. Your bite misses the orc wizard.
The orc wizard hits you with a +0 dagger.
The orc priest hits you but does no damage.
The orc warrior hits you with a +0 battleaxe!
* * * LOW HITPOINT WARNING * * *
😨 HP[-11] MP[-3]
You take 11 damage, and now have 23/60 hp.
You lost 3 mp, and now have 8/21 mp.
Unknown command.
Unknown command.
Okay, then.
You are too confused!
You feel yourself speed up. The orc priest barely misses you.
The orc warrior misses you.
The orc wizard points at you and mumbles some strange words.
You are more confused. 😨 HP[+1] Unknown command.
Unknown command.
You hit the orc priest. The orc warrior closely misses you.
The orc priest hits you with a +0 short sword.
* * * LOW HITPOINT WARNING * * *
The orc wizard hits you but does no damage. 😨 HP[-1]
You take 1 damage, and now have 23/60 hp.
Unknown command.
Unknown command.
You closely miss the orc priest.
Unknown command.
Unknown command.
You bump into the rock wall.
The orc warrior hits you with a +0 battleaxe!
* * * LOW HITPOINT WARNING * * *
The orc wizard misses you.
The orc priest invokes the aid of Beogh against you.
Pain shoots through your body!
* * * LOW HITPOINT WARNING * * *
😱 HP[-10] MP[-4]
You take 10 damage, and now have 13/60 hp.
You lost 4 mp, and now have 4/21 mp.
You bump into the rock wall.
The orc warrior barely misses you.
The orc priest hits you with a +0 short sword.
* * * LOW HITPOINT WARNING * * *
The orc wizard casts a spell at you. The magic dart hits you.
* * * LOW HITPOINT WARNING * * *
😱 HP[-6] MP[-2]
You take 6 damage, and now have 7/60 hp.
You lost 2 mp, and now have 2/21 mp.
Unknown command.
Unknown command.
Unknown command.
You bump into the rock wall.
You hit the orc priest. You bite the orc priest.
The orc wizard barely misses you.
The orc priest begins to cast a cantrip, but forgets the words!
The orc warrior hits you with a +0 battleaxe!
You die...

Skill      XL: |  1  2  3  4  5  6  7  8 |
---------------+-------------------------+-----
Stealth        | 6 |  6.8
Invocations    | 1 2 3 |  3.5
Short Blades   | 1 2 3 |  3.1
Long Blades    | 1 2 3 |  3.1
Axes           | 1 2 3 |  3.1
Maces & Flails | 1 2 3 |  3.1
Polearms       | 1 2 3 |  3.1
Staves         | 1 2 3 |  3.1
Slings         | 1 2 3 |  3.1
Bows           | 1 2 3 |  3.1
Crossbows      | 1 2 3 |  3.1
Throwing       | 1 2 3 |  3.1
Armour         | 1 2 3 |  3.1
Dodging        | 1 2 3 |  3.1
Shields        | 1 2 3 |  3.1
Spellcasting   | 1 2 3 |  3.1
Fighting       | 3 4 |  4.1
Conjurations   | 1 2 |  2.5
Hexes          | 1 2 |  2.5
Summonings     | 1 2 |  2.5
Necromancy     | 1 2 |  2.5
Translocations | 1 2 |  2.5
Transmutations | 1 2 |  2.5
Fire Magic     | 1 2 |  2.5
Ice Magic      | 1 2 |  2.5
Air Magic      | 1 2 |  2.5
Earth Magic    | 1 2 |  2.5
Poison Magic   | 1 2 |  2.5
Evocations     | 5 |  5.6
Unarmed Combat | 9 |  9.1

Action                   |  1- 3 |  4- 6 |  7- 9 || total
-------------------------+-------+-------+-------++-------
Melee: Unarmed           |   102 |    83 |   128 ||   313
       Dagger            |     9 |       |       ||     9
       Bite              |     4 |    11 |    13 ||    28
       Punch             |     2 |       |     2 ||     4
Throw: Stone             |    15 |       |     3 ||    18
Evoke: Piece from Xom's  |     4 |       |       ||     4
       Wand              |       |     1 |       ||     1
  Use: Potion            |       |     1 |     9 ||    10
       Scroll            |       |       |     1 ||     1
 Stab: Sleeping          |     9 |    12 |     1 ||    22
       Distracted        |     1 |       |       ||     1
       Petrified         |     3 |       |       ||     3
       Invisible         |       |       |     2 ||     2
Armor: Leather armour    |    14 |    20 |     8 ||    42
       Skin              |       |       |    40 ||    40
Dodge: Dodged            |    45 |    45 |    56 ||   146
Block: Buckler           |     1 |    13 |    20 ||    34

Levels and vault maps discovered:
D:1:      dpeg_arrival_ratfight, layout_basic
D:2:      layout_loops_ring, shapermc_ecumenical_altar_hornbeckon,
          hangedman_decor_push, uniq_sigmund
D:3:      layout_basic, nicolae_overflow_hidden_temple, ebering_ghost_gozag
D:4:      layout_cave_pools, nicolae_wu_jian_immortal_techniques,
          chequers_serial_rivers_micro_d, uniq_eustachio, uniq_natasha
D:5:      layout_cave_pools, mainiacjoe_overflow_alcove_2, serial_gnoll_camp,
          gnoll_camp_mini_house, gnoll_camp_mini_shop, gnoll_camp_mini_hut,
          gnoll_camp_huts_basic, gnoll_camp_mini_doghouse,
          kennysheep_generic_room_15

Notes
Turn   | Place    | Note
-------+----------+-------------------------------------------
     0 | D:1      | spaghetti the Gnoll Wanderer began the quest for the Orb.
     0 | D:1      | spaghetti set off with the following items: a +2 dagger
                  | {short}, a scroll of fear, a potion of lignification {!q},
                  | a piece from Xom's chessboard (15/15), a scroll of
                  | teleportation {@r4}, a +0 leather armour
     0 | D:1      | Reached XP level 1. HP: 17/17 MP: 1/1
     0 | D:1      | magus.rc [v1.9.6]
     7 | D:1      | You pick up a book of Iron and begin reading...
     7 | D:1      | You add the spells Animate Armour, Blade Hands and Iron
                  | Shot to your library.
   318 | D:1      | Reached XP level 2. HP: 23/23 MP: 2/2
   582 | D:1      | Reached XP level 3. HP: 28/28 MP: 3/3
   694 | D:1      | Reached skill level 6 in Stealth
   860 | D:1      | Reached skill level 1 in Invocations
   982 | D:1      | You pick up a book of Callings and begin reading...
   982 | D:1      | You add the spells Summon Small Mammal, Call Canine
                  | Familiar and Summon Guardian Golem to your library.
  1068 | D:1      | Learned a level 3 spell: Call Canine Familiar
  1265 | D:2      | Reached skill level 1 in Short Blades
  1265 | D:2      | Reached skill level 1 in Long Blades
  1265 | D:2      | Reached skill level 1 in Axes
  1265 | D:2      | Reached skill level 1 in Maces & Flails
  1265 | D:2      | Reached skill level 1 in Polearms
  1265 | D:2      | Reached skill level 1 in Staves
  1265 | D:2      | Reached skill level 1 in Slings
  1265 | D:2      | Reached skill level 1 in Bows
  1265 | D:2      | Reached skill level 1 in Crossbows
  1265 | D:2      | Reached skill level 1 in Throwing
  1265 | D:2      | Reached skill level 1 in Armour
  1265 | D:2      | Reached skill level 1 in Dodging
  1265 | D:2      | Reached skill level 1 in Shields
  1265 | D:2      | Reached skill level 1 in Spellcasting
  1326 | D:2      | Found a faded altar of an unknown god.
  1346 | D:2      | Identified a +1 robe of the Archmagi
  1346 | D:2      | Noticed Sigmund
  1358 | D:2      | Killed Sigmund
  1359 | D:2      | Reached skill level 3 in Fighting
  1359 | D:2      | Reached skill level 1 in Conjurations
  1359 | D:2      | Reached skill level 1 in Hexes
  1359 | D:2      | Reached skill level 1 in Summonings
  1359 | D:2      | Reached skill level 1 in Necromancy
  1359 | D:2      | Reached skill level 1 in Translocations
  1359 | D:2      | Reached skill level 1 in Transmutations
  1359 | D:2      | Reached skill level 1 in Fire Magic
  1359 | D:2      | Reached skill level 1 in Ice Magic
  1359 | D:2      | Reached skill level 1 in Air Magic
  1359 | D:2      | Reached skill level 1 in Earth Magic
  1359 | D:2      | Reached skill level 1 in Poison Magic
  1359 | D:2      | Reached XP level 4. HP: 30/35 MP: 3/6
  1359 | D:2      | Reached XP level 5. HP: 35/41 MP: 3/7
  2045 | D:3      | Reached XP level 6. HP: 47/47 MP: 8/8
  2046 | D:3      | Reached skill level 2 in Invocations
  2208 | D:3      | Found a sacrificial altar of Ru.
  2211 | D:3      | Found a burning altar of Makhleb.
  2215 | D:3      | Found a stormy altar of Qazlal.
  2342 | D:3      | Found a runed translucent gate.
  2344 | D:3      | Found a runed translucent gate.
  2345 | D:3      | Found a runed translucent gate.
  2346 | D:3      | Found an opulent altar of Gozag.
  2347 | D:3      | Noticed spaghetti's ghost (amateur HuAE)
  2348 | D:3      | Noticed a black bear
  2761 | D:3      | You pick up a book of Vapours and begin reading...
  2761 | D:3      | You add the spells Poisonous Vapours and Corpse Rot to your
                  | library.
  3168 | D:4      | Reached skill level 5 in Evocations
  3232 | D:4      | Reached skill level 2 in Short Blades
  3232 | D:4      | Reached skill level 2 in Long Blades
  3232 | D:4      | Reached skill level 2 in Axes
  3232 | D:4      | Reached skill level 2 in Maces & Flails
  3232 | D:4      | Reached skill level 2 in Polearms
  3232 | D:4      | Reached skill level 2 in Staves
  3232 | D:4      | Reached skill level 2 in Slings
  3232 | D:4      | Reached skill level 2 in Bows
  3232 | D:4      | Reached skill level 2 in Crossbows
  3232 | D:4      | Reached skill level 2 in Throwing
  3232 | D:4      | Reached skill level 2 in Armour
  3232 | D:4      | Reached skill level 2 in Dodging
  3232 | D:4      | Reached skill level 2 in Shields
  3232 | D:4      | Reached skill level 2 in Spellcasting
  3270 | D:4      | Noticed Eustachio
  3297 | D:4      | Killed Eustachio
  3298 | D:4      | Reached XP level 7. HP: 23/52 MP: 8/10
  3321 | D:4      | Noticed Natasha
  3326 | D:5      | Entered Level 5 of the Dungeon
  3532 | D:4      | Reached skill level 2 in Conjurations
  3532 | D:4      | Reached skill level 2 in Hexes
  3532 | D:4      | Reached skill level 2 in Summonings
  3532 | D:4      | Reached skill level 2 in Necromancy
  3532 | D:4      | Reached skill level 2 in Translocations
  3532 | D:4      | Reached skill level 2 in Transmutations
  3532 | D:4      | Reached skill level 2 in Fire Magic
  3532 | D:4      | Reached skill level 2 in Ice Magic
  3532 | D:4      | Reached skill level 2 in Air Magic
  3532 | D:4      | Reached skill level 2 in Earth Magic
  3532 | D:4      | Reached skill level 2 in Poison Magic
  3581 | D:4      | Killed Natasha
  3911 | D:4      | Noticed Natasha
  3922 | D:4      | Killed Natasha
  4028 | D:4      | Found an ornate altar of the Wu Jian Council.
  4066 | D:4      | Noticed Natasha
  4086 | D:4      | Killed Natasha
  4198 | D:4      | Reached skill level 9 in Unarmed Combat
  4545 | D:4      | Reached skill level 3 in Invocations
  4547 | D:4      | Reached XP level 8. HP: 60/60 MP: 12/12
  4645 | D:4      | Learned a level 5 spell: Blade Hands
  4707 | D:5      | HP: 15/60 [ogre/+0 giant club (15)]
  4710 | D:5      | Reached skill level 4 in Fighting
  4710 | D:5      | Reached skill level 3 in Short Blades
  4710 | D:5      | Reached skill level 3 in Long Blades
  4710 | D:5      | Reached skill level 3 in Axes
  4710 | D:5      | Reached skill level 3 in Maces & Flails
  4710 | D:5      | Reached skill level 3 in Polearms
  4710 | D:5      | Reached skill level 3 in Staves
  4710 | D:5      | Reached skill level 3 in Slings
  4710 | D:5      | Reached skill level 3 in Bows
  4710 | D:5      | Reached skill level 3 in Crossbows
  4710 | D:5      | Reached skill level 3 in Throwing
  4710 | D:5      | Reached skill level 3 in Armour
  4710 | D:5      | Reached skill level 3 in Dodging
  4710 | D:5      | Reached skill level 3 in Shields
  4710 | D:5      | Reached skill level 3 in Spellcasting
  5110 | D:5      | HP: 13/60 [gnoll/+0 spear (6)]
  5121 | D:5      | HP: 7/60 [gnoll/+0 spear (2)]
  5122 | D:5      | HP: 2/60 [gnoll/+0 spear (5)]
  5433 | D:5      | Found a hide-covered altar of Uskayaw.
  5456 | D:5      | HP: 13/60 [orc priest/nerve-wracking pain (4)]
  5459 | D:5      | Mangled by an orc warrior

Vanquished Creatures
  Sigmund (D:2)
  Eustachio (D:4)
  2 ogres
  A phantom (D:4)
  2 scorpions (D:4)
  A howler monkey (D:5)
  A hound (D:4)
  A jelly (D:4)
  An orc priest (D:4)
  An iguana (D:5)
  2 orc wizards (D:4)
  Natasha (thrice) (D:4)
  4 gnolls (D:5)
  2 adders
  A shadow imp (D:5)
  A dart slug (D:5)
  13 orcs
  10 ball pythons
  4 bats
  4 endoplasms
  6 giant cockroaches
  7 goblins
  8 hobgoblins
  12 jackals
  4 quokkas
  3 frilled lizards
  A kobold (D:1)
  9 rats
106 creatures vanquished.

Table legend:
 A = Non-vault XP
 B = Vault XP
 C = Vault XP percentage of total XP
 D = Non-vault monster count
 E = Vault monster count
 F = Vault count percentage of total count
                 A         B        C        D         E       F
            +---------+---------+-------+---------+---------+-------
      Total |    1103 |     471 |  29.9 |      98 |       8 |   7.5
            +---------+---------+-------+---------+---------+-------
        D:1 |      58 |       5 |   7.9 |      31 |       5 |  13.9
        D:2 |      26 |     223 |  89.6 |      16 |       1 |   5.9
        D:3 |      36 |       0 |   0.0 |      11 |       0 |   0.0
        D:4 |     701 |     243 |  25.7 |      27 |       2 |   6.9
        D:5 |     282 |       0 |   0.0 |      13 |       0 |   0.0
            +---------+---------+-------+---------+---------+-------

Illustrated notes

Table legend:
 A = Kills in this place as a percentage of kills in entire the game.
 B = Kills by you in this place as a percentage of kills by you in the entire game.
 C = Kills by friends in this place as a percentage of kills by friends in the entire game.
 D = Other kills in this place as a percentage of other kills in the entire game.
 E = Experience gained in this place as a percentage of experience gained in the entire game.
 F = Experience gained in this place divided by the number of levels of this place that you have seen.
                   A       B       C       D       E      F
               +-------+-------+-------+-------+-------+----------------------
         Total | 100.0 | 100.0 |   N/A |   N/A | 100.0 | 314.8
       Dungeon | 100.0 | 100.0 |   N/A |   N/A | 100.0 | 314.8
               +-------+-------+-------+-------+-------+----------------------

Table legend: (Time is in decaauts)
 A = Elapsed time spent in this place.
 B = Non-inter-level travel time spent in this place.
 C = Inter-level travel time spent in this place.
 D = Time resting spent in this place.
 E = Time spent auto-exploring this place.
 F = Levels seen in this place.
 G = Mean time per level.
                   A        B        C        D        E       F      G
               +--------+--------+--------+--------+--------+-----+--------+
         Total |   5408 |   5230 |    178 |   1334 |   3082 |   5 | 1081.6 |
       Dungeon |   5408 |   5230 |    178 |   1334 |   3082 |   5 | 1081.6 |
               +--------+--------+--------+--------+--------+-----+--------+

Top non-repeatable levels by time:
     D:4: 1689 daAuts
     D:1: 1092 daAuts
     D:3: 1084 daAuts
     D:2: 912 daAuts
     D:5: 630 daAuts
